 Dungeon Crawl Stone Soup version 0.28-a0-1389-gc726bef33b (webtiles) character file.

Game seed: 6314411647845829184

18 Deminshera the Bolt Thrower (level 2, -2/27 HPs)
             Began as a Naga Hunter on Jan 3, 2022.
             Slain by a hobgoblin (4 damage)
             ... on level 1 of the Dungeon.
             The game lasted 00:01:31 (1049 turns).

Deminshera the Bolt Thrower (Naga Hunter)           Turns: 1049, Time: 00:01:32

Health: -2/27      AC:  2    Str: 14    XL:     2   Next: 70%
Magic:  2/2        EV:  9    Int: 11    God:
Gold:   33         SH:  0    Dex: 11    Spells: 1/1 levels left

rFire   . . .      SeeInvis +   b - +0 short sword
rCold   . . .      Faith    .   (no shield)
rNeg    . . .      Spirit   .   c - +0 leather armour
rPois   +          Reflect  .   (no helmet)
rElec   .          Harm     .   (no cloak)
rCorr   .          Rampage  .   (no gloves)
Will    .....                   (no barding)
Stlth   ++........              (no amulet)
HPRegen 0.09/turn               (no ring)
MPRegen 0.08/turn               (no ring)

@: very slow
A: AC +0, large, see invisible, deformed body, poison resistance, slowness 2,
spit poison 1, naga tail 1
a: Spit Poison


You were on level 1 of the Dungeon.
You visited 1 branch of the dungeon, and saw 2 of its levels.

You collected 33 gold pieces.

Inventory:

Hand Weapons
 a - a +1 hand crossbow
 b - a +0 short sword (weapon)
Missiles
 d - 20 bolts
Armour
 c - a +0 leather armour (worn)
Scrolls
 e - 2 scrolls of vulnerability {unknown}
 g - 2 scrolls of enchant armour {unknown}
 h - a scroll of amnesia {unknown}
Potions
 f - a potion of mutation {unknown}
 i - a potion of brilliance {unknown}


   Skills:
 + Level 2.4 Fighting
 - Level 3.6 Crossbows
 - Level 2.0 Dodging
 + Level 2.6 Stealth


You had one spell level left.
You didn't know any spells.
Your spell library was empty.

Dungeon Overview and Level Annotations

Branches:
Dungeon (2/15)

Altars:

Annotations:
D:2 Sigmund


Innate Abilities, Weirdness & Mutations

Your serpentine skin is tough. (AC +0)
You have supernaturally acute eyesight. (SInv)
Armour fits poorly on your strangely shaped body.
Your system is resistant to poisons. (rPois)
You cover ground very slowly.
You can spit poison.
You have a snake-like lower body.


Message History

The giant cockroach closely misses you. The rat misses you.
The hobgoblin hits you. The giant cockroach closely misses you.
The rat bites you but does no damage.
You hit the giant cockroach.
The giant cockroach is heavily wounded.
The hobgoblin hits you. The giant cockroach closely misses you.
The rat bites you but does no damage.
You are too injured to fight recklessly!
You are too injured to fight recklessly!
You are too injured to fight recklessly!
You are too injured to fight recklessly!
You are too injured to fight recklessly!
You are too injured to fight recklessly!
You are too injured to fight recklessly!
You are too injured to fight recklessly!
You are too injured to fight recklessly!
You are too injured to fight recklessly!
You are too injured to fight recklessly!
You are too injured to fight recklessly!
You are too injured to fight recklessly!
You are too injured to fight recklessly!
You are too injured to fight recklessly!
You are too injured to fight recklessly!
You are too injured to fight recklessly!
You are too injured to fight recklessly!
Aiming: Spit Poison (2% risk of failure)
Press: ? - help, Shift-Dir - straight line, f - rat
Aim: a rat The splash of poison hits the rat!
The rat is poisoned.
You kill the rat!
The giant cockroach bites you. The hobgoblin closely misses you.
The giant cockroach barely misses you. x2
You have got your breath back.
The hobgoblin barely misses you.
You closely miss the hobgoblin. The hobgoblin hits you.
* * * LOW HITPOINT WARNING * * *
You closely miss the hobgoblin. The hobgoblin hits you.
* * * LOW HITPOINT WARNING * * *
You closely miss the hobgoblin. The hobgoblin hits you.
You die...

P≈≈≈P≈≈≈≈≈≈≈ #.
#.♣≈≈≈≈≈≈≈≈≈≈≈≈ ..$
..#≈≈≈≈≈≈≈≈PP♣≈ ##.##
##..♣♣≈≈≈≈..... ###...#
#.............. .....
+.............. .≈ #...
#........≈≈..≈≈
.P≈≈###.######......†≈≈≈≈≈≈
#.≈..†.Bg@.###.....#♣♣≈≈≈♣
##.###.###.# ##...## ♣♣♣♣♣
#.# #.# ##'## #.# #.# #.#
..# #.# #.# ### #.# ##.##
.######.# ##...##
........###.....#
.#######.....†.##


You could see a giant cockroach and a hobgoblin.

Vanquished Creatures
  A bat (D:1)
  An endoplasm (D:1)
  A giant cockroach (D:1)
  3 goblins (D:1)
  A hobgoblin (D:1)
  4 ball pythons (D:1)
  2 frilled lizards (D:1)
  A kobold (D:1)
  5 rats (D:1)
19 creatures vanquished.

Notes
Turn   | Place    | Note
-------+----------+-------------------------------------------
     0 | D:1      | Deminshera the Naga Hunter began the quest for the Orb.
     0 | D:1      | Reached XP level 1. HP: 19/19 MP: 1/1
   245 | D:1      | Reached XP level 2. HP: 19/26 MP: 2/2
   730 | D:1      | You fall into a shaft and drop 1 floor!
   754 | D:2      | Noticed Sigmund
  1049 | D:1      | Slain by a hobgoblin

Illustrated notes

Levels and vault maps discovered:
D:1:      amcnicky_arrival_wind_blow, layout_loops_corners, serial_bayou,
          serial_bayou_pond_d, serial_bayou_shore_b, serial_bayou_ford_a,
          serial_bayou_pond_d
D:2:      layout_basic, hellmonk_ecumenical_altar_lost_god, uniq_sigmund

Skill      XL: |  1  2 |
---------------+-------+-----
Stealth        | 2 |  2.6
Dodging        | 2 |  2.0
Fighting       | |  2.4
Crossbows      | |  3.6

Action                   || total
-------------------------++-------
Melee: Short sword       ||    36
 Abil: Spit Poison       ||    12
 Stab: Sleeping          ||     1
Armor: Leather armour    ||    11
Dodge: Dodged            ||    26

Table legend: (Time is in decaauts)
 A = Elapsed time spent in this place.
 B = Non-inter-level travel time spent in this place.
 C = Inter-level travel time spent in this place.
 D = Time resting spent in this place.
 E = Time spent auto-exploring this place.
 F = Levels seen in this place.
 G = Mean time per level.
                   A        B        C        D        E       F      G
               +--------+--------+--------+--------+--------+-----+--------+
         Total |   1313 |   1313 |      0 |      0 |   1150 |   2 |  656.5 |
       Dungeon |   1313 |   1313 |      0 |      0 |   1150 |   2 |  656.5 |
               +--------+--------+--------+--------+--------+-----+--------+

Top non-repeatable levels by time:
     D:1: 1265 daAuts
     D:2: 48 daAuts
